 Dungeon Crawl Stone Soup version 0.31-a0-200-gbc41564c69 (webtiles) character file.

Game seed: 2479189063641688767

70 qw the Shooter (level 4, -3/25 HPs)
             Began as a Deep Elf Hunter on June 25, 2023.
             Slain by a cerulean imp
             ... wielding a +3 spear
             ... summoned by Natasha
              (5 damage)
             ... on level 2 of the Dungeon.
             The game lasted 00:00:33 (1616 turns).

qw the Shooter (Deep Elf Hunter)                    Turns: 1616, Time: 00:00:33

Health: -3/25      AC:  5    Str: 10    XL:     4   Next: 4%
Magic:  6/6        EV: 16    Int: 14    God:
Gold:   85         SH:  0    Dex: 18    Spells: 3/3 levels left

rFire   . . .        Y - +0 shortbow
rCold   . . .        (shield currently unavailable)
rNeg    . . .        j - +0 ring mail
rPois   .            (no helmet)
rElec   .            (no cloak)
rCorr   .            (no gloves)
SInv    .            (no boots)
Will    .....        (no amulet)
Stlth   +            e - +5 ring of evasion
HPRegen 0.24/turn    (no ring)
MPRegen 0.10/turn

%: no passive effects
@: about to teleport
A: no striking features
a: no special abilities


You were on level 2 of the Dungeon.
You visited 1 branch of the dungeon, and saw 2 of its levels.

You collected 85 gold pieces.


   Skills:
 - Level 1.5 Fighting
 + Level 7.4 Ranged Weapons
 - Level 2.4 Dodging
 - Level 1.2 Stealth


You had 3 spell levels left.
You didn't know any spells.
Your spell library was empty.

Inventory:

Hand Weapons
 Y - a +0 shortbow (weapon)
Armour
 j - a +0 ring mail (worn)
Jewellery
 e - a +5 ring of evasion (left hand)
Scrolls
 b - 2 scrolls of identify
Potions
 a - a potion of mutation {unknown}
 d - a potion of haste {unknown}
 f - a potion of heal wounds {unknown}
 g - a potion of resistance {unknown}
 i - a potion of curing {unknown}

Dungeon Overview and Level Annotations

Branches:
Dungeon (2/15)

Altars:

Annotations:
D:2 Natasha


Message History

The cerulean imp is heavily wounded.
The cerulean imp hits you with a +3 spear.
The cerulean imp closely misses you.
You shoot an arrow.
The arrow barely misses the cerulean imp.
The cerulean imp completely misses you.
The cerulean imp hits you but does no damage.
You shoot an arrow.
The arrow closely misses the cerulean imp.
The cerulean imp hits you with a +3 spear.
The cerulean imp hits you but does no damage.
You shoot an arrow.
The arrow closely misses the cerulean imp.
The cerulean imp completely misses you.
The cerulean imp hits you from afar with a +0 spear.
Natasha mumbles some strange words.
The cerulean imp completely misses you.
You shoot an arrow. The arrow hits the cerulean imp.
The cerulean imp is severely wounded.
The cerulean imp hits you from afar with a +0 spear.
The cerulean imp hits you but does no damage. x2
You shoot an arrow.
The arrow hits the cerulean imp but does no damage.
The cerulean imp is severely wounded.
The cerulean imp hits you with a +3 spear.
The cerulean imp completely misses you.
1614 ||| READING scroll of teleportation.
As you read the scroll of teleportation, it crumbles to dust.
You feel strangely unstable. The cerulean imp closely misses you.
The cerulean imp hits you from afar with a +0 spear.
You shoot an arrow. The arrow hits the cerulean imp.
The cerulean imp is severely wounded.
The cerulean imp hits you with a +3 spear.
The cerulean imp misses you.
You shoot an arrow. The arrow hits the cerulean imp.
The cerulean imp is almost dead.
The cerulean imp disappears in a puff of smoke!
The cerulean imp hits you with a +3 spear.
You die...

#.####.#...#.##.#
####......###.#..#.#
#.....##### #..#...#
#####.#.### ##..#..#
.5......####### ##.#...
..............#####.....
......##.####..........>
#....###...###.#........
#.##h5.@)........#...#).
. ####5#.#.#.#.##.###..
# #............#..##..#
#.#.#..#.#.#.#...###.##
#.#.#..........###...##
#.#.#..#.#.#.#.........
#.#.#..........###.#.#.
#.#.#..#.#.#.#.###.....
#.#.#..........##..#.#.


You could see Natasha and 2 cerulean imps.

Vanquished Creatures
  Natasha (D:2)
  An adder (D:2)
  A worm (D:2)
  3 endoplasms (D:1)
  2 giant cockroaches (D:1)
  4 goblins
  7 hobgoblins
  2 jackals (D:1)
  2 kobolds
  3 ball pythons (D:1)
  2 bats (D:1)
  A frilled lizard (D:1)
  2 rats
31 creatures vanquished.

Notes
Turn   | Place    | Note
-------+----------+-------------------------------------------
     0 | D:1      | qw the Deep Elf Hunter began the quest for the Orb.
     0 | D:1      | Reached XP level 1. HP: 12/12 MP: 3/3
     0 | D:1      | 0 ||| qw: Version: 0.3-a-22-g0ed2b0b
     0 | D:1      | 0 ||| qw: Game counter: 5699
     0 | D:1      | 0 ||| qw: Melee chars always use a shield: true
     0 | D:1      | 0 ||| qw: God list: Okawaru
     0 | D:1      | 0 ||| qw: Allow faded altars: false
     0 | D:1      | 0 ||| qw: Do Orc after clearing Dungeon:15 true
     0 | D:1      | 0 ||| qw: Do second Lair branch before Depths: true
     0 | D:1      | 0 ||| qw: Lair rune preference: random
     0 | D:1      | 0 ||| qw: Goals: Normal
     0 | D:1      | 0 ||| PLANNING D:1-11
   207 | D:1      | Found a faded altar of an unknown god.
   210 | D:1      | Reached skill level 6 in Ranged Weapons
   210 | D:1      | Reached XP level 2. HP: 16/16 MP: 4/4
   226 | D:1      | 226 ||| READING scroll labelled ZUAMEWI OWALE.
   988 | D:1      | 988 ||| UPGRADING to +0 scale mail.
   998 | D:1      | 998 ||| DROPPING +0 leather armour.
   999 | D:1      | 999 ||| UPGRADING to +0 ring mail.
  1009 | D:1      | 1009 ||| DROPPING +0 scale mail.
  1010 | D:1      | 1010 ||| READING scroll labelled HOREOF TESKUQ.
  1011 | D:1      | 1011 ||| READING scroll labelled ILOYDO MOCAFUE.
  1012 | D:1      | 1012 ||| DROPPING scroll of butterflies.
  1320 | D:2      | Reached XP level 3. HP: 20/20 MP: 5/5
  1470 | D:2      | Noticed Natasha
  1471 | D:2      | 1471 ||| UPGRADING to +5 ring of evasion.
  1483 | D:2      | Killed Natasha
  1484 | D:2      | Reached skill level 7 in Ranged Weapons
  1534 | D:2      | Reached XP level 4. HP: 25/25 MP: 6/6
  1594 | D:2      | Noticed Natasha
  1595 | D:2      | 1595 ||| Stepping ~*~*~tactically~*~*~ (outnumbered).
  1613 | D:2      | HP: 6/25 [cerulean imp/+3 spear[Natasha] (5)]
  1614 | D:2      | 1614 ||| READING scroll of teleportation.
  1615 | D:2      | HP: 2/25 [cerulean imp/+3 spear[Natasha] (4)]
  1616 | D:2      | Slain by a cerulean imp

Levels and vault maps discovered:
D:1:      elethiomel_arrival_infinity_welcomes_careful_drivers, layout_basic,
          dreamdust_ecumenical_altar_grove, minmay_misc_feat_tiny,
          due_unseen_surprise
D:2:      layout_rooms, serial_co_window_serial, co_window_paths_a,
          co_window_paths_b, co_window_corner_a, co_window_paths_b,
          co_window_paths_a, co_window_corner_b, co_window_of_opportunity_b,
          co_window_broadway_a, co_window_2corner, co_window_corner_ca,
          co_window_unsneaky_path_a, co_window_2corner, glass_columns_a,
          glass_columns_c, uniq_natasha

Skill      XL: |  1  2  3 |
---------------+----------+-----
Ranged Weapons | 6 7 |  7.4
Fighting       | |  1.5
Dodging        | |  2.4
Stealth        | |  1.2

Action                     |  1- 3 |  4- 6 || total
---------------------------+-------+-------++-------
   Fire: Shortbow          |    87 |    19 ||   106
    Use: Scroll            |     3 |     1 ||     4
 Armour: Leather armour    |     4 |       ||     4
         Ring mail         |     3 |     8 ||    11
  Dodge: Dodged            |    12 |    11 ||    23

Table legend:
 A = Non-vault XP
 B = Vault XP
 C = Vault XP percentage of total XP
 D = Non-vault monster count
 E = Vault monster count
 F = Vault count percentage of total count
                 A         B        C        D         E       F
            +---------+---------+-------+---------+---------+-------
      Total |      66 |      35 |  34.7 |      30 |       1 |   3.2
            +---------+---------+-------+---------+---------+-------
        D:1 |      32 |       0 |   0.0 |      19 |       0 |   0.0
        D:2 |      34 |      35 |  50.7 |      11 |       1 |   8.3
            +---------+---------+-------+---------+---------+-------
